 Dungeon Crawl Stone Soup version 0.29.0-4-gdea44cf6ec (webtiles) character file.

Game seed: 12799637704579296400

120 qw the Chopper (level 5, -2/32 HPs)
             Began as a Gargoyle Fighter on Sept 10, 2022.
             Slain by a gnoll
             ... wielding a +0 halberd
              (9 damage)
             ... on level 3 of the Dungeon.
             The game lasted 00:00:43 (1910 turns).

qw the Chopper (Gargoyle Fighter)                   Turns: 1910, Time: 00:00:44

Health: -2/32      AC: 14    Str: 26    XL:     5   Next: 4%
Magic:  5/5        EV:  7    Int:  5    God:
Gold:   58         SH:  4    Dex:  8    Spells: 4/4 levels left

rFire   . . .      SeeInvis .   Y - +0 war axe
rCold   . . .      Faith    .   c - +0 buckler
rNeg    + . .      Spirit   .   l - +0 chain mail
rPois   inf        Reflect  .   (no helmet)
rElec   +          Harm     .   (no cloak)
rCorr   .          Rampage  .   e - +0 pair of gloves
Will    .....                   (no boots)
Stlth   ..........              m - amulet of regeneration
HPRegen 0.90/turn               (no ring)
MPRegen 0.09/turn               (no ring)

@: no status effects
A: sickness immunity, AC +4, negative energy resistance 1, electricity
resistance, torment resistance 1, petrification resistance, dopey 1, strong 1,
wild magic 2
a: no special abilities


You were on level 3 of the Dungeon.
You visited 1 branch of the dungeon, and saw 3 of its levels.

You collected 58 gold pieces.


Innate Abilities, Weirdness & Mutations

You are immune to sickness and miasma.
Your stone body is resilient. (AC +4)
You are immune to poison.
You resist negative energy. (rN+)
You are resistant to electric shocks. (rElec)
You are resistant to unholy torment.
You are immune to petrification.
You are dopey. (Int -2)
Your muscles are strong. (Str +4, Int/Dex -1)
Your spells are harder to cast, but more powerful.


   Skills:
 - Level 3.2 Fighting
 + Level 4.6 Axes
 - Level 3.2 Armour
 - Level 3.2 Shields


You had 4 spell levels left.
You didn't know any spells.
Your spell library was empty.

Inventory:

Hand Weapons
 k - a +0 flail
 Y - a +0 war axe (weapon)
Armour
 c - a +0 buckler (worn)
 e - a +0 pair of gloves (worn)
 l - a +0 chain mail (worn)
Jewellery
 a - a ring of ice
 m - an amulet of regeneration (around neck)
Potions
 d - a potion of might
 g - a potion of berserk rage {unknown}
 h - 2 potions of curing
 i - a potion of mutation
 j - a potion of attraction {unknown}
 n - a potion of haste {unknown}
 p - a potion of lignification {unknown}

Dungeon Overview and Level Annotations

Branches:
Dungeon (3/15)

Altars:
Cheibriados
Elyvilon
Okawaru

Shops:
D:1 (


Message History

You barely miss the orc priest. You closely miss the bat.
You barely miss the orc. The bat hits you but does no damage.
The orc priest begins to cast a cantrip, but forgets the words!
The orc barely misses you. The gnoll barely misses you.
You block the gnoll's attack. The orc priest closely misses you.
The gnoll barely misses you. The gnoll hits you but does no damage.
The orc hits you but does no damage.
You barely miss the orc priest. You closely miss the orc. You slash the bat!
You kill the bat!
The orc priest hits you but does no damage.
The orc hits you but does no damage. The gnoll closely misses you.
You block the gnoll's attack.
You barely miss the orc priest. You slash the orc!
You kill the orc!
The gnoll closely misses you. The gnoll barely misses you.
The orc priest barely misses you.
You slash the orc priest!
The orc priest is almost dead.
The orc priest hits you but does no damage.
The gnoll hits you but does no damage. x2
The gnoll hits you from afar with a +0 halberd!
The gnoll hits you but does no damage. The orc priest barely misses you.
You hit the orc priest.
The orc priest is almost dead.
The gnoll hits you from afar with a +0 spear.
The gnoll hits you from afar with a +0 halberd.
The orc priest completely misses you.
You closely miss the orc priest.
The orc priest is almost dead.
The gnoll hits you from afar with a +0 spear.
The gnoll completely misses you.
The orc priest invokes the aid of Beogh against you.
You barely resist.
You hit the orc priest but do no damage.
The orc priest is almost dead.
The orc priest miscasts a cantrip.
The gnoll hits you but does no damage.
The gnoll hits you from afar with a +0 halberd!
You die...

#.. ...<....###..# #
..........#...# .#
........#...#.######.###
........##..#..##.......
.............#..#<......
........##....#..%......
.....g)o...#............
.....g)@....)...._......
............%.#._8_.####
.......................
.......................
....:..................#
.......$......##........
..............# ##...#.
.............## #.
..........#


You could see an orc priest and 2 gnolls.

Vanquished Creatures
  2 gnolls (D:3)
  4 adders
  2 worms
  A dart slug (D:1)
  2 orcs (D:3)
  3 bats
  9 endoplasms
  3 giant cockroaches
  4 goblins
  6 hobgoblins
  3 jackals (D:1)
  4 kobolds
  2 ball pythons
  2 frilled lizards (D:1)
  4 rats
51 creatures vanquished.

Notes
Turn   | Place    | Note
-------+----------+-------------------------------------------
     0 | D:1      | qw the Gargoyle Fighter began the quest for the Orb.
     0 | D:1      | Reached XP level 1. HP: 14/14 MP: 1/1
     0 | D:1      | 0 ||| qw: Version: 0.1-a-116-g5d60599
     0 | D:1      | 0 ||| qw: Game counter: 7446
     0 | D:1      | 0 ||| qw: Always use a shield: true
     0 | D:1      | 0 ||| qw: God list: Okawaru
     0 | D:1      | 0 ||| qw: Allow faded altars: false
     0 | D:1      | 0 ||| qw: Do Orc after D:15 true
     0 | D:1      | 0 ||| qw: Do second Lair branch before Depths: true
     0 | D:1      | 0 ||| qw: Lair rune preference: random
     0 | D:1      | 0 ||| qw: Plans: Normal, Zot, God:TSO, Crypt, Tomb, Zig,
                  | Orb
     0 | D:1      | 0 ||| PLANNING D:1-11
    13 | D:1      | Found Dasyra's Weapon Boutique.
    25 | D:1      | Reached skill level 2 in Axes
    99 | D:1      | 99 ||| SHOPLISTING +0 mace (42 gold, have 0).
   204 | D:1      | Reached XP level 2. HP: 16/19 MP: 2/2
   351 | D:1      | Found a faded altar of an unknown god.
   401 | D:1      | Reached skill level 3 in Axes
   626 | D:1      | Reached XP level 3. HP: 18/23 MP: 3/3
   781 | D:1      | 781 ||| Stepping ~*~*~tactically~*~*~ (stealth).
  1066 | D:1      | 1066 ||| READING 2 scrolls labelled UXIKLU VUISE.
  1067 | D:1      | 1067 ||| DRINKING 3 purple potions.
  1068 | D:1      | 1068 ||| DRINKING 2 white potions.
  1068 | D:1      | Gained mutation: Your muscles are strong. (Str +4, Int/Dex
                  | -1) [potion of mutation]
  1068 | D:1      | Gained mutation: You are dopey. (Int -2) [potion of
                  | mutation]
  1068 | D:1      | Gained mutation: Your spells are a little harder to cast,
                  | but a little more powerful. [potion of mutation]
  1068 | D:1      | Gained mutation: Your spells are harder to cast, but more
                  | powerful. [potion of mutation]
  1069 | D:1      | 1069 ||| DROPPING scroll of fear.
  1091 | D:2      | 1091 ||| STAIRDANCE
  1100 | D:2      | 1100 ||| STAIRDANCE
  1154 | D:2      | 1154 ||| STAIRDANCE
  1163 | D:2      | Reached XP level 4. HP: 28/28 MP: 4/4
  1197 | D:2      | 1197 ||| DROPPING +0 club.
  1440 | D:2      | 1440 ||| Stepping ~*~*~tactically~*~*~ (stealth).
  1472 | D:2      | Reached skill level 4 in Axes
  1821 | D:2      | 1821 ||| UPGRADING to +0 pair of gloves.
  1826 | D:2      | 1826 ||| UPGRADING to +0 chain mail.
  1836 | D:2      | 1836 ||| DROPPING +0 scale mail.
  1837 | D:2      | 1837 ||| UPGRADING to amulet of regeneration.
  1842 | D:2      | 1842 ||| READING scroll labelled CYGRUTT TIRAU.
  1843 | D:2      | 1843 ||| READING scroll labelled KAIRPH INICEING.
  1844 | D:2      | 1844 ||| READING scroll labelled LEGIGR DAYGOOH.
  1860 | D:3      | Found an iron altar of Okawaru.
  1860 | D:3      | Found a snail-covered altar of Cheibriados.
  1860 | D:3      | Found a white marble altar of Elyvilon.
  1904 | D:3      | Reached XP level 5. HP: 17/32 MP: 5/5
  1908 | D:3      | HP: 5/32 [gnoll/+0 halberd (6)]
  1910 | D:3      | Slain by a gnoll

Levels and vault maps discovered:
D:1:      lightli_arrival_maybe_door_vault, layout_loops_cross,
          shapermc_ecumenical_altar_starsandcircs, serial_shops,
          nicolae_shop_bloodbath_and_beyond
D:2:      layout_loops_ring
D:3:      layout_rooms, chequers_temple_overflow_statue_of_worship, uniq_ijyb

Skill      XL: |  1  2  3  4 |
---------------+-------------+-----
Axes           | 2 3 4 |  4.6
Fighting       | |  3.2
Armour         | |  3.2
Shields        | |  3.2

Action                   |  1- 3 |  4- 6 || total
-------------------------+-------+-------++-------
Melee: War axe           |    88 |    45 ||   133
  Use: Potion            |     2 |       ||     2
       Scroll            |     1 |     3 ||     4
Armor: Scale mail        |    39 |    10 ||    49
       Chain mail        |       |    32 ||    32
Dodge: Dodged            |    46 |    26 ||    72
Block: Buckler           |    14 |    12 ||    26

Table legend:
 A = Non-vault XP
 B = Vault XP
 C = Vault XP percentage of total XP
 D = Non-vault monster count
 E = Vault monster count
 F = Vault count percentage of total count
                 A         B        C        D         E       F
            +---------+---------+-------+---------+---------+-------
      Total |     172 |       0 |   0.0 |      51 |       0 |   0.0
            +---------+---------+-------+---------+---------+-------
        D:1 |      77 |       0 |   0.0 |      34 |       0 |   0.0
        D:2 |      41 |       0 |   0.0 |       8 |       0 |   0.0
        D:3 |      54 |       0 |   0.0 |       9 |       0 |   0.0
            +---------+---------+-------+---------+---------+-------
